 Dungeon Crawl Stone Soup version 0.23.2-1-ga50397a (webtiles) character file.

Game seed: 6468651803135246045

367 MalarOregon the Slasher (level 6, -5/51 (52) HPs)
             Began as a Ghoul Warper on May 26, 2019.
             Slain by an orc
             ... wielding a +0 flail
              (9 damage)
             ... on level 4 of the Dungeon.
             The game lasted 00:10:15 (5808 turns).

MalarOregon the Slasher (Ghoul Warper)              Turns: 5808, Time: 00:10:15

HP:   -5/51 (52)    AC:  6    Str: 15    XL:     6   Next: 69%
MP:   7/7           EV: 12    Int: 10    God:
Gold: 174           SH:  0    Dex:  8    Spells: 6/8 levels left

rFire    . . .     SeeInvis .   l - +0 long sword
rCold    + . .     Gourm    .   (no shield)
rNeg     + + +     Faith    .   b - +1 leather armour
rPois    ∞         Spirit   .   (no helmet)
rElec    .         Reflect  .   (no cloak)
rCorr    .         Harm     .   (no gloves)
MR       .....                  c - +1 pair of boots
Stlth    +.........             (no amulet)
HPRegen  0.00/turn              (no ring)
MPRegen  0.10/turn              (no ring)

@: very slightly contaminated, rotting
A: rotting body, claws 1, carnivore, cold resistance 1, negative energy
resistance 3, inhibited regeneration, torment resistance, unbreathing
a: no special abilities


You were on level 4 of the Dungeon.
You were not hungry.

You visited 1 branch of the dungeon, and saw 4 of its levels.

You collected 174 gold pieces.

Inventory:

Hand Weapons
 l - a +0 long sword (weapon)
   (You found it on level 4 of the Dungeon)
Missiles
 f - 3 tomahawks of dispersal (quivered) {!f}
Armour
 b - a +1 leather armour (worn)
 c - a +1 pair of boots (worn)
   (You found it on level 4 of the Dungeon)
Magical Staves
 i - an uncursed staff of cold
   (You found it on level 3 of the Dungeon)
Scrolls
 d - a scroll of blinking
 h - 2 scrolls of remove curse {@r2}
Comestibles
 e - 10 rations {!d}


   Skills:
 + Level 3.8 Fighting
 * Level 4.1 Long Blades
 - Level 0.8 Throwing
 - Level 0.8 Armour
 * Level 4.1 Dodging
 - Level 1.7 Spellcasting
 - Level 2.6 Translocations


You had 6 spell levels left.
You knew the following spells:

 Your Spells              Type           Power        Failure   Level  Hunger
b - Blink                 Tloc           N/A          21%         2    ###....

Your spell library contained the following spells:

 Spells                   Type           Power        Failure   Level  Hunger
 Apportation              Tloc           #.....       13%         1    ##.....
 Shroud of Golubria       Chrm/Tloc      #.........   34%         2    ###....
 Animate Skeleton         Necr           N/A          36%         1    ##.....
 Confusing Touch          Hex            #.....       36%         1    ##.....
 Summon Small Mammal      Summ           #...         36%         1    ##.....
 Gell's Gravitas          Tloc           #.........   36%         3    ####...
 Lesser Beckoning         Tloc           #.........   36%         3    ####...
 Teleport Other           Tloc           #.......     36%         3    ####...
 Passage of Golubria      Tloc           N/A          78%         4    #####..


Dungeon Overview and Level Annotations

Branches:
Dungeon (4/15)
 Temple: D:4-7

Altars:
Cheibriados
Hepliaklqana
Kikubaaqudgha
The Shining One

Annotations:
D:3 1 runed translucent door, Crazy Yiuf, Pikel
D:4 Dowan, Duvessa, Sigmund


Innate Abilities, Weirdness & Mutations

Your body is rotting away.
You thrive on raw meat.
You are immune to poison.
You have sharp fingernails.
You are carnivorous and can eat meat at any time.
Your flesh is cold resistant. (rC+)
You are immune to negative energy. (rN+++)
You do not regenerate when monsters are visible.
You are immune to unholy pain and torment.
You can survive without breathing.


Message History

The puff of flame hits you!
* * * LOW HITPOINT WARNING * * *
Something hits you!
* * * LOW HITPOINT WARNING * * *
You see here a ball python corpse.
You butcher the ball python corpse.
Things that are here:
2 chunks of flesh; a ball python skeleton
a - 2 chunks of flesh Something hits you!
* * * LOW HITPOINT WARNING * * *
Eat one of 2 chunks of flesh? (ye/n/q)
You eat one of the 2 chunks of flesh.
This raw flesh tastes great!
Something hits you but does no damage.
Eat a chunk of flesh? (ye/n/q)
You eat the chunk of flesh.
This raw flesh tastes great!
You are starting to lose your buoyancy.
Something barely misses you.
Throwing (i - inventory)
f - 5 tomahawks of dispersal (quivered)
{!f} Really fire
f - 5 tomahawks of dispersal {!f}?
You throw a tomahawk of dispersal {!f}. Something barely misses you.
Throwing (i - inventory)
f - 4 tomahawks of dispersal (quivered)
{!f} Really fire
f - 4 tomahawks of dispersal {!f}?
You throw a tomahawk of dispersal {!f}.
You hear some strange, mumbled words.
A puff of flame appears from out of thin air!
The puff of flame hits you!
* * * LOW HITPOINT WARNING * * *
Drop what? 9/52 slots (_ for help) (? for menu, Esc to quit)
Okay, then.
As you read the scroll of teleportation {@r4}, it crumbles to dust.
You feel strangely unstable.
You float gracefully downwards.
Something hits you.
* * * LOW HITPOINT WARNING * * *
You aren't carrying any potions.
Blink to where?
You are very lightly contaminated with residual magic.
As you read the scroll of blinking, it crumbles to dust.
Your surroundings suddenly seem different.
You start resting.
You feel your flesh rotting away.
The gnoll is too close now for your liking.
Okay, then.
The gnoll shouts!
You hear a shout! x5
The gnoll completely misses you.
You slash the gnoll! The gnoll hits you with a +0 spear.
* * * LOW HITPOINT WARNING * * *
You hit the gnoll. The gnoll barely misses you.
The orc hits you with a +0 flail!
You die...

....####
#..e#
.......#
###.#
....##.#
########.#
....##.#
#.....e.<#
.......#
#.#########
########
#.........#
####..###.#
#..(#.#.#
#...#@o.#
#...#g###
#Z..g%#
#o##### #.#
#.#####
#.oo..#
#####o#
#.oo#


You could see 2 gnolls and an orc.

Vanquished Creatures
  3 slaves
  A howler monkey (D:4)
  3 orc wizards
  An orc priest (D:2)
  Natasha (thrice) (D:2)
  A worker ant (D:4)
  A hound skeleton (D:4)
  2 adders
  2 oozes
  An adder skeleton (D:4)
  A worm (D:4)
  3 dart slugs (D:1)
  2 leopard geckos
  5 orcs
  7 bats
  5 giant cockroaches
  7 goblins
  4 hobgoblins
  4 jackals
  A quokka (D:3)
  2 ball pythons
  A ball python skeleton (D:3)
  7 frilled lizards
  4 kobolds
  4 rats
75 creatures vanquished.

Notes
Turn   | Place    | Note
-------+----------+-------------------------------------------
     0 | D:1      | MalarOregon the Ghoul Warper began the quest for the Orb.
     0 | D:1      | Reached XP level 1. HP: 17/17 MP: 2/2
   264 | D:1      | Reached XP level 2. HP: 16/25 MP: 3/3
   521 | D:1      | Reached XP level 3. HP: 20/30 MP: 4/4
   970 | D:2      | Noticed Natasha
   978 | D:2      | Killed Natasha
  1235 | D:2      | Reached XP level 4. HP: 27/37 MP: 5/5
  1239 | D:2      | Learned a level 2 spell: Blink
  1273 | D:2      | Noticed Natasha
  1282 | D:2      | Killed Natasha
  1565 | D:2      | Found a glowing golden altar of the Shining One.
  1852 | D:2      | Found a hazy altar of Hepliaklqana.
  1852 | D:2      | Noticed Natasha
  1868 | D:2      | Killed Natasha
  2123 | D:2      | Reached XP level 5. HP: 25/45 MP: 6/6
  3016 | D:3      | Found a runed translucent door.
  3017 | D:3      | Noticed Crazy Yiuf
  3285 | D:3      | Found an ancient bone altar of Kikubaaqudgha.
  3574 | D:4      | Reached XP level 6. HP: 40/51 MP: 7/7
  3590 | D:4      | Noticed a slave
  3767 | D:4      | Noticed Duvessa
  3767 | D:4      | Noticed Dowan
  3780 | D:4      | HP: 1/50 [Duvessa/+3 short sword of distortion (8)]
  4122 | D:3      | Killed a slave
  4591 | D:4      | Found a snail-covered altar of Cheibriados.
  4610 | D:4      | Noticed a slave
  4646 | D:4      | Killed a slave
  4872 | D:4      | Noticed Pikel
  4872 | D:4      | Noticed a slave
  4872 | D:4      | Noticed a slave
  4919 | D:3      | Killed a slave
  5735 | D:4      | Noticed Sigmund
  5808 | D:4      | Slain by an orc

Skill      XL: |  1  2  3  4  5  6 |
---------------+-------------------+-----
Long Blades    | 2 3 4 |  4.1
Dodging        | 2 3 4 |  4.1
Fighting       | 3 |  3.8
Throwing       | |  0.8
Armour         | |  0.8
Spellcasting   | |  1.7
Translocations | |  2.6

Action                   |  1- 3 |  4- 6 || total
-------------------------+-------+-------++-------
Melee: Falchion          |    77 |   174 ||   251
       Long sword        |       |   139 ||   139
Throw: Tomahawk          |       |     2 ||     2
 Cast: Blink             |       |     5 ||     5
  Use: Scroll            |     2 |     9 ||    11
       Potion            |     1 |     7 ||     8
  Eat: Chunk             |     2 |    18 ||    20
       Ration            |       |     1 ||     1
Armor: Leather armour    |    25 |    93 ||   118
Dodge: Dodged            |    50 |   211 ||   261
       Rpst.: Falchion   |    15 |    36 ||    51
       Long sword        |       |    27 ||    27
